 Dungeon Crawl Stone Soup version 0.29.1-1-gd02db6906a (webtiles) character file.

Game seed: 11104029425353501737

4410 H0rd4k the Slicer (level 10, -5/79 HPs)
             Began as a Human Artificer on Oct 13, 2022.
             Was an Initiate of Gozag.
             Slain by a yak (7 damage)
             ... while paralysed by a floating eye
             ... on level 10 of the Dungeon.
             The game lasted 00:15:14 (12650 turns).

H0rd4k the Slicer (Human Artificer)                Turns: 12650, Time: 00:15:15

Health: -5/79      AC: 15    Str: 13    XL:     10   Next: 62%
Magic:  16/16      EV:  2    Int: 16    God:    Gozag
Gold:   775        SH:  0    Dex: 19    Spells: 13/17 levels left

rFire   + . .      SeeInvis .   k - +2 dagger (venom)
rCold   x . .      Faith    .   (no shield)
rNeg    . . .      Spirit   .   u - +2 chain mail {Will+}
rPois   +          Reflect  .   F - +0 helmet
rElec   .          Harm     .   H - +2 cloak
rCorr   .          Rampage  .   (no gloves)
Will    +....                   b - +0 pair of boots
Stlth   ..........              l - amulet of the acrobat
HPRegen 0.23/turn               y - ring "Kikarozi" {Fire *Slow rPois Dex+6}
MPRegen 0.15/turn               (no ring)

@: paralysed, slowed
A: no striking features
a: Renounce Religion, Potion Petition, Call Merchant, Bribe Branch


You were on level 10 of the Dungeon.
You worshipped Gozag.
Gozag was pleased with you.
You visited 2 branches of the dungeon, and saw 11 of its levels.

You collected 886 gold pieces.
You paid 111 gold pieces to Gozag.

Inventory:

Hand Weapons
 e - a +5 falchion
 k - a +2 dagger of venom (weapon)
 o - a +2 short sword of draining
Missiles
 h - a curare-tipped dart
 q - 2 poisoned darts
 E - 2 throwing nets
Armour
 b - a +0 pair of boots (worn)
 u - a +2 chain mail of willpower (worn)
 F - a +0 helmet (worn)
 G - a +3 leather armour of positive energy
 H - a +2 cloak (worn)
Jewellery
 l - an amulet of the acrobat (around neck)
 m - a ring of protection from cold
 y - the ring "Kikarozi" (left hand) {Fire *Slow rPois Dex+6}
   (You found it on level 3 of the Dungeon)

   [ring of fire]

   It enhances your fire magic.
   Dex:       It affects your dexterity (+6).
   rF:        It protects you from fire.
   rC:        It makes you vulnerable to cold.
   rPois:     It protects you from poison.
   *Slow:     It may slow you when you take damage.
Wands
 t - a wand of mindburst (3)
 x - a wand of polymorph (9)
Scrolls
 c - 3 scrolls of silence {unknown}
 d - a scroll of summoning {unknown}
 f - 5 scrolls of amnesia
 g - 3 scrolls of fear
 i - 3 scrolls of enchant armour {unknown}
 j - a scroll of acquirement {unknown}
 n - 2 scrolls of poison {unknown}
 p - 2 scrolls of vulnerability {unknown}
 r - 2 scrolls of noise {unknown}
 z - 2 scrolls of teleportation
 A - a scroll of brand weapon {unknown}
 B - 2 scrolls of magic mapping {unknown}
 C - a scroll of torment {unknown}
Potions
 a - a potion of lignification
 s - 4 potions of curing
 w - a potion of might {unknown}
 D - a potion of mutation


   Skills:
 + Level 7.3 Fighting
 + Level 10.2 Short Blades
 + Level 1.3 Maces & Flails
 - Level 2.0 Armour
 - Level 3.3 Dodging
 - Level 1.0 Stealth
 * Level 4.2 Spellcasting
 * Level 4.6 Summonings
 - Level 3.0 Evocations


You had 13 spell levels left.
You knew the following spells:

 Your Spells              Type           Power      Damage    Failure   Level
a - Summon Small Mammal   Summ           72%        N/A       63%         1
b - Call Canine Familiar  Summ           18%        N/A       94%         3

Your spell library contained the following spells:

 Spells                   Type           Power      Damage    Failure   Level
 Summon Guardian Golem    Hex/Summ       10%        N/A       99%         3
 Blink                    Tloc           6%         N/A       100%        2
 Lesser Beckoning         Tloc           3%         N/A       100%        3
 Summon Lightning Spire   Summ/Air       10%        N/A       100%        4
 Manifold Assault         Tloc           3%         N/A       100%        5
 Storm Form               Tmut/Air       1%         N/A       100%        7
 Maxwell's Capacitive Co  Air            1%         ∞         100%        8


Dungeon Overview and Level Annotations

Branches:
Dungeon (10/15)            Temple (1/1) D:5             Orc (0/2) D:9
   Lair: D:8-11

Altars:
Ashenzari
Cheibriados
Dithmenos
Elyvilon
Fedhas
Gozag
Kikubaaqudgha
Makhleb
Nemelex Xobeh
Okawaru
Qazlal
Ru
Sif Muna
Trog
Uskayaw
Vehumet
Wu Jian
Xom
Yredelemnul
Zin
The Shining One

Shops:
D:2 *   D:7 =   D:8 *   D:9 *??

Annotations:
D:2 1 runed translucent door, exclusion: door, Crazy Yiuf
D:3 3 runed translucent doors, exclusion: 3 doors, Earthwalker's ghost, amateur MiFi
D:6 exclusion: 2 downstairs
D:8 Maurice; Pikel
D:10 Snorg


Message History

The hornet attacks as you move away! The hornet barely misses you.
An ogre mage comes into view. It is wielding a +0 club.
The ogre mage shouts!
You hit the hornet.
The hornet is poisoned.
The hornet is lightly wounded.
The hornet stings you.
You miss the hornet.
The hornet is lightly wounded.
The hornet stings you.
* * * LOW HITPOINT WARNING * * *
You feel yourself slow down.
As you read the scroll of teleportation, it crumbles to dust.
You feel strangely unstable. The hornet stings you.
* * * LOW HITPOINT WARNING * * *
The hornet stings you.
* * * LOW HITPOINT WARNING * * *
You feel as though you will be slow longer.
You hit the hornet but do no damage.
The hornet is moderately wounded.
The hornet stings you!
* * * LOW HITPOINT WARNING * * *
You hit the hornet.
The hornet looks even sicker.
The hornet is moderately wounded.
The hornet stings you.
* * * LOW HITPOINT WARNING * * *
You feel as though you will be slow longer.
You closely miss the hornet.
The hornet is heavily wounded.
The hornet stings you.
* * * LOW HITPOINT WARNING * * *
The floating eye gazes piercingly through you!
You suddenly lose the ability to move!
The hornet stings you but does no damage.
The hornet stings you but does no damage.
Your surroundings suddenly seem different.
A yak comes into view.
The yak bellows! x3
The yak gores you!
You die...
Your body crumbles into a pile of gold.

.....
############..####
#................#
.####...oo$.###.#
#.#####.# # #.#
... ...####.# .###
#.......# o# #Y@#
o# #YY# .o #Y.#
#..# #... #### $


You could see 4 yaks.

Vanquished Creatures
  A hornet (D:9)
  A wyvern (D:7)
  A shadow (D:7)
  A steam dragon (D:7)
  A wraith (D:7)
  Edmund (D:5)
  Menkaure (D:4)
  A warg (D:9)
  5 water moccasins
  An ice beast (D:5)
  2 orc warriors (D:6)
  A black bear (D:6)
  3 ogres
  2 centaurs
  A necrophage (D:4)
  2 kobold brigands
  2 bullfrogs
  7 wights
  3 howler monkeys (D:7)
  A crimson imp (D:7)
  5 jellies
  4 orc priests
  A gnoll bouda (D:8)
  4 hounds
  An iguana (D:4)
  Ijyb (D:3)
  7 orc wizards
  8 gnolls
  7 adders
  A white imp (D:7)
  An ufetubus (D:5)
  2 worms
  A dart slug (D:1)
  22 orcs
  3 ball pythons
  3 bats
  8 endoplasms
  3 giant cockroaches
  5 goblins
  5 hobgoblins
  6 jackals
  2 quokkas
  3 frilled lizards
  12 kobolds
  A rat (D:3)
  A spectral orc (D:4)
155 creatures vanquished.

Vanquished Creatures (collateral kills)
  4 wights (D:7)
  An orc wizard (D:8)
  A gnoll (D:5)
  3 orcs
9 creatures vanquished.

Vanquished Creatures (others)
  A wight (D:7)
  A hound (D:5)
  9 withered plants (D:7)
11 creatures vanquished.

Grand Total: 175 creatures vanquished

Notes
Turn   | Place    | Note
-------+----------+-------------------------------------------
     0 | D:1      | H0rd4k the Human Artificer began the quest for the Orb.
     0 | D:1      | Reached XP level 1. HP: 15/15 MP: 1/1
   503 | D:1      | Reached XP level 2. HP: 21/21 MP: 2/2
  1670 | D:2      | Reached XP level 3. HP: 26/26 MP: 3/3
  1711 | D:2      | Found Jagh's General Store.
  1812 | D:2      | Found a runed translucent door.
  1813 | D:2      | Noticed Crazy Yiuf
  1879 | D:2      | Reached skill level 1 in Short Blades
  1879 | D:2      | Reached skill level 1 in Maces & Flails
  2539 | D:3      | Reached XP level 4. HP: 33/33 MP: 4/4
  2638 | D:3      | Noticed Ijyb
  2883 | D:3      | Killed Ijyb
  2884 | D:3      | Reached skill level 2 in Short Blades
  3028 | D:3      | Found a hide-covered altar of Uskayaw.
  3059 | D:3      | Identified the ring "Kikarozi" {Fire *Slow rPois Dex+6}
  3070 | D:3      | Found a faded altar of an unknown god.
  3358 | D:3      | Found a runed translucent gate.
  3358 | D:3      | Found a runed translucent gate.
  3358 | D:3      | Noticed Earthwalker's ghost (amateur MiFi)
  3359 | D:3      | Found a runed translucent gate.
  3360 | D:3      | Identified the +7 sling "Gyffes" {venom, rC- rN+++ rCorr
                  | Int-3}
  3450 | D:4      | Reached XP level 5. HP: 33/39 MP: 5/5
  3458 | D:4      | Reached skill level 3 in Short Blades
  3806 | D:4      | Found a basalt altar of Yredelemnul.
  4028 | D:4      | Reached XP level 6. HP: 30/47 MP: 6/6
  4225 | D:4      | Found a stormy altar of Qazlal.
  4248 | D:4      | Found a shadowy altar of Dithmenos.
  4278 | D:4      | Reached skill level 4 in Short Blades
  4652 | D:4      | Noticed Menkaure
  4658 | D:4      | Killed Menkaure
  4659 | D:4      | Reached XP level 7. HP: 19/52 MP: 7/7
  4956 | D:5      | Entered Level 5 of the Dungeon
  5210 | D:5      | Reached skill level 5 in Short Blades
  5364 | D:5      | Found a staircase to the Ecumenical Temple.
  5381 | Temple   | Entered the Ecumenical Temple
  5980 | D:5      | Reached XP level 8. HP: 44/60 MP: 8/8
  6144 | D:5      | Reached skill level 6 in Short Blades
  6448 | D:5      | Noticed Edmund
  6650 | D:4      | Learned a level 1 spell: Summon Small Mammal
  6654 | D:4      | Learned a level 3 spell: Call Canine Familiar
  6794 | D:5      | Killed Edmund
  6831 | D:5      | Found an opulent altar of Gozag.
  6849 | D:5      | Became a worshipper of Gozag Ym Sagoz the Greedy
  6889 | D:6      | Reached skill level 7 in Short Blades
  6994 | D:6      | Reached skill level 1 in Spellcasting
  6994 | D:6      | Reached skill level 1 in Summonings
  7194 | D:6      | Reached skill level 5 in Fighting
  7671 | D:6      | Reached XP level 9. HP: 7/68 MP: 11/11
  8051 | D:6      | Reached skill level 8 in Short Blades
  8856 | D:7      | Found an ancient bone altar of Kikubaaqudgha.
  9896 | D:7      | Reached skill level 9 in Short Blades
  9913 | D:7      | Reached XP level 10. HP: 54/77 MP: 14/14
 10222 | D:7      | Found Etweurghu's One-of-a-Kind Rings.
 11422 | D:7      | Found a radiant altar of Vehumet.
 11423 | D:7      | Found a burning altar of Makhleb.
 11774 | D:8      | Found Zasi Hoc's Fire Supplies.
 12091 | D:8      | Reached skill level 10 in Short Blades
 12149 | D:8      | Noticed Maurice
 12176 | D:9      | Found Rohoj's Assorted Antiques.
 12447 | D:8      | Noticed Pikel
 12554 | D:9      | Found Sacruts's Magic Scroll Emporium.
 12555 | D:9      | Found Latusoirumn's Magic Scroll Shop.
 12575 | D:9      | Found a staircase to the Orcish Mines.
 12594 | D:9      | Noticed a two-headed ogre
 12622 | D:10     | Entered Level 10 of the Dungeon
 12622 | D:10     | Noticed Snorg
 12642 | D:10     | Noticed an ogre mage
 12648 | D:10     | HP: 2/79 [hornet (2)]
 12648 | D:10     | Paralysed by a floating eye for 4 turns
 12650 | D:10     | Slain by a yak

Illustrated notes

Levels and vault maps discovered:
D:1:      minmay_arrival_jagged, layout_basic, serial_glass, glass_columns_b,
          glass_columns_c, item_on_display_a, due_unseen_surprise,
          item_on_display_b
D:2:      layout_rooms, serial_shops, shop, serial_bayou_lake_a,
          uniq_crazy_yiuf_cottage
D:3:      layout_basic, nicolae_uskayaw_dance_hall,
          ebering_ecumenical_altar_webs, biasface_ghost_orc_armoury,
          due_unseen_surprise, uniq_ijyb
D:4:      layout_basic, nicolae_overflow_crystal_walls,
          yredelemnul_forgotten_temple_becter,
          mainiacjoe_overflow_concentric_impassable, uniq_menkaure
D:5:      layout_basic, mainiacjoe_overflow_brackets, minmay_temple_entry_ruins,
          grunt_decor_resistance, uniq_edmund
D:6:      layout_loops_ring
D:7:      minmay_general_purpose_star, layout_cave_pods,
          grunt_temple_overflow_lords_of_destruction, kiku_gazebo_garden_becter,
          minmay_misc_feat_iff, nicolae_shop_unique_rings
D:8:      layout_loops_ring, nicolae_shop_fire_sale [nicolae_sub_dead_trees],
          uniq_psyche, uniq_pikel, uniq_maurice
D:9:      layout_rooms, worldfamousw_hep_ancestral_shrine, erik_orc_3,
          serial_shops, nicolae_shop_trees, nicolae_square_shop,
          nicolae_square_shop, shop
D:10:     hellmonk_paralyzer, layout_loops_ring, ebering_ghost_rock_garden,
          uniq_grum, uniq_snorg, uniq_urug, uniq_josephine
Temple:   compressed_dpeg_triangle_lava_temple

Skill      XL: |  1  2  3  4  5  6  7  8  9 10 |
---------------+-------------------------------+-----
Short Blades   | 1 2 3 4 5 7 9 10 | 10.2
Maces & Flails | 1 |  1.3
Fighting       | 2 3 4 5 6 7 |  7.3
Dodging        | 2 3 |  3.3
Spellcasting   | 1 3 4 |  4.2
Summonings     | 1 3 4 |  4.6
Armour         | |  2.0
Stealth        | |  1.0
Evocations     | |  3.0

Action                   |  1- 3 |  4- 6 |  7- 9 | 10-12 || total
-------------------------+-------+-------+-------+-------++-------
Melee: Club              |    14 |       |       |       ||    14
       Dagger            |    79 |   137 |   407 |   362 ||   985
       Punch             |     1 |     2 |     7 |     8 ||    18
Evoke: Wand              |     2 |    13 |     6 |    24 ||    45
  Use: Scroll            |       |       |     5 |     7 ||    12
       Potion            |       |       |     3 |     1 ||     4
 Stab: Sleeping          |     3 |     4 |       |       ||     7
       Distracted        |       |       |       |     1 ||     1
Armor: Leather armour    |     8 |     1 |       |       ||     9
       Chain mail        |       |    55 |   141 |   114 ||   310
Dodge: Dodged            |    59 |    51 |   116 |   105 ||   331
